 Dungeon Crawl Stone Soup version 0.27-a0-1557-g57f10a385c (webtiles) character file.

Game seed: 12624278277256588096

9027 robertstho the Thaumaturge (level 11, -9/76 HPs)
             Began as a Djinni Fire Elementalist on July 15, 2021.
             Was an Initiate of Gozag.
             Mangled by an orc warrior (22 damage)
             ... on level 10 of the Dungeon.
             The game lasted 00:18:27 (14045 turns).

robertstho the Thaumaturge (DjFE)                  Turns: 14045, Time: 00:18:27

Health: -9/76      AC:  7    Str:  7    XL:     11   Next: 66%
Gold:   94         EV: 13    Int: 20    God:    Gozag SH:  7 Dex: 20

rFire    + . .     SeeInvis +   E - +5 falchion of Slow Death {freeze, SInv}
rCold    x . .     Faith    .   w - +3 buckler "Hisku" {*Slow rF- SInv Stlth+}
rNeg     . . .     Spirit   .   a - +0 robe
rPois    ∞         Reflect  .   (no helmet)
rElec    .         Harm     .   H - +0 cloak
rCorr    .         Rampage  .   (no gloves)
Will     +....                  (boots unavailable)
Stlth    ++++......             (no amulet)
HPRegen  0.22/turn              b - +6 ring of dexterity
MPRegen  0.00/turn              f - +4 ring of protection

@: gold aura, flying
A: sickness immunity, fire resistance 2, cold vulnerability 1, float, innate
caster, hp casting, extra vitality 1
a: Renounce Religion, Potion Petition, Call Merchant, Bribe Branch


You were on level 10 of the Dungeon.
You worshipped Gozag.
Gozag was noncommittal.
You visited 2 branches of the dungeon, and saw 11 of its levels.

You collected 467 gold pieces.
You spent 216 gold pieces at shops.
You paid 157 gold pieces to Gozag.

Inventory:

Hand Weapons
 k - a +2 whip of venom
 v - a +5 scimitar
 B - the +6 scimitar of the Equator {holy, Will+}
   (You bought it in a shop on level 6 of the Dungeon)

   It has been blessed by the Shining One to cause great damage to the undead
   and demons.
   Will:      It increases your willpower.
 E - the +5 falchion of Slow Death (weapon) {freeze, SInv}
   (You found it on level 9 of the Dungeon)

   It freezes those it strikes, dealing additional cold damage.
   It can also slow down cold-blooded creatures.
   SInv:      It lets you see invisible.
Missiles
 g - 2 throwing nets
Armour
 a - a +0 robe (worn)
 e - a +0 kite shield
 w - the +3 buckler "Hisku" (worn) {*Slow rF- SInv Stlth+}
   (You found it on level 5 of the Dungeon)

   rF:        It makes you vulnerable to fire.
   SInv:      It lets you see invisible.
   *Slow:     It may slow you when you take damage.
   Stlth:     It makes you more stealthy.
 H - a +0 cloak (worn)
Jewellery
 b - a +6 ring of dexterity (left hand)
 f - a +4 ring of protection (right hand)
Wands
 q - a wand of mindburst (16)
 r - a wand of digging (5)
Scrolls
 h - a scroll of fog {unknown}
 i - 2 scrolls of fear {unknown}
 m - a scroll of enchant weapon {unknown}
 s - a scroll of brand weapon {unknown}
 t - a scroll of enchant armour {unknown}
 y - 2 scrolls of magic mapping {unknown}
 A - 2 scrolls of teleportation
 D - 2 scrolls of vulnerability {unknown}
 F - a scroll of immolation {unknown}
 J - a scroll of holy word {unknown}
 K - a scroll of amnesia {unknown}
Potions
 c - a potion of attraction
 d - a potion of lignification
 j - 3 potions of haste {unknown}
 l - a potion of berserk rage {unknown}
 n - 2 potions of heal wounds {unknown}
 o - 2 potions of degeneration {unknown}
 p - a potion of curing {unknown}
 u - 3 potions of magic {unknown}
 x - a potion of flight {unknown}
 z - a potion of ambrosia
 C - a potion of invisibility {unknown}
 G - 2 potions of mutation {unknown}
 I - 2 potions of brilliance {unknown}


   Skills:
 * Level 6.2 Fighting
 + Level 0.3 Long Blades
 + Level 0.5 Maces & Flails
 + Level 3.5 Dodging
 + Level 3.8 Stealth
 + Level 0.9 Shields
 * Level 13.7 Spellcasting


You had 7 spell levels left.
You knew the following spells:

 Your Spells              Type           Power      Damage    Failure   Level
a - Foxfire               Conj/Fire      100%       2x1d9     1%          1
b - Conjure Flame         Conj/Fire      62%        6-21      1%          3
c - Inner Flame           Hex/Fire       62%        N/A       1%          3
d - Sticky Flame          Conj/Fire      62%        2d8       1%          4
e - Fireball              Conj/Fire      31%        3d13      1%          5
f - Summon Small Mammal   Summ           100%       N/A       1%          1
g - Slow                  Hex            62%        N/A       1%          2
h - Summon Guardian Gole  Hex/Summ       62%        N/A       1%          3
i - Hailstorm             Conj/Ice       62%        3d13      1%          4
j - Cause Fear            Hex            31%        N/A       1%          4
Your spell library was empty.

Dungeon Overview and Level Annotations

Branches:
Dungeon (10/15)            Temple (1/1) D:6            Lair (0/6) D:10
    Orc (0/2) D:10

Altars:
Ashenzari
Cheibriados
Dithmenos
Fedhas
Gozag
Hepliaklqana
Kikubaaqudgha
Makhleb
Nemelex Xobeh
Okawaru
Qazlal
Ru
Sif Muna
Trog
Uskayaw
Vehumet
Wu Jian
Xom
Yredelemnul
Zin
The Shining One

Shops:
D:6 (


Innate Abilities, Weirdness & Mutations

You are immune to sickness and miasma.
You are immune to poison.
Your flesh is very heat resistant. (rF++)
You are vulnerable to cold. (rC-)
You float through the air rather than walking.
You learn spells naturally, not from books.
Your magical power is your life essence.
You have superior vitality. (+4 HP)


Message History

Unknown command.
Casting: Fireball (dangerous; 1% risk of failure)
Confirm with . or Enter, or press ? or * to list all spells.
Aiming: Fireball (dangerous; 1% risk of failure)
Press: ? - help, Shift-Dir - straight line, f - yak
Aim: a yak The fireball explodes!
The fireball engulfs the yak!
The yak is moderately wounded.
The steam dragon hisses angrily.
* * * LOW HITPOINT WARNING * * *
Casting: Fireball (dangerous; 1% risk of failure)
Confirm with . or Enter, or press ? or * to list all spells.
Aiming: Fireball (dangerous; 1% risk of failure)
Press: ? - help, Shift-Dir - straight line, f/p - yak
Aim: a yak (moderately wounded)
The fireball explodes!
The fireball engulfs the yak!!
The yak is almost dead.
* * * LOW HITPOINT WARNING * * *
Unknown command.
Casting: Fireball (dangerous; 1% risk of failure)
Confirm with . or Enter, or press ? or * to list all spells.
Aiming: Fireball (dangerous; 1% risk of failure)
Press: ? - help, Shift-Dir - straight line, f/p - yak
Aim: a yak (almost dead)
The fireball explodes!
The fireball engulfs the yak!!
You kill the yak!
* * * LOW HITPOINT WARNING * * *
Unknown command.
(D) Dungeon (T) Temple (O) Orcish Mines
Where to? (Enter - D:10, ? - help)
A steam dragon is nearby!
Found an escape hatch in the ceiling.
You reach down and open the door.
An orc warrior comes into view. It is wielding a +0 glaive.
Found a staircase to the Lair.
The orc warrior shouts!
You block the orc warrior's attack.
The orc warrior hits you from afar with a +0 glaive!!
You die...
Your body crumbles into a pile of gold.

...........PP....... #..
###........P...P... #<#
#........P.PP.P.P ..#######.#
#........P...#### ..........#
#........D..P#.>#...P.#+#.?...#
#........P...'o.#.......#.....#
#.......PP..o####.PPPP..#.....#
................P.P.P.P. #.....#
#+#########.÷...@.P.P.P####.....#
............÷..P.PPPP...........#
..########......PP.P.P....####..#
..# #...#............# ..# ..#
#..............### ..# ..#
#...###'#####..# .# ..#+####
#...#..... #..#
(............#.......#..#
>............#.......#..#


You could see a steam dragon and an orc warrior.

Vanquished Creatures
  A two-headed ogre (D:8)
  A cyclops (D:6)
  A komodo dragon (D:10)
  3 trolls
  A hornet (D:8)
  A slime creature (D:8)
  A shadow (D:9)
  A wyvern (D:8)
  17 yaks
  Menkaure (D:5)
  2 acid dragons
  A water moccasin (D:8)
  A sky beast (D:6)
  3 ice beasts
  An ogre (D:5)
  3 black bears
  4 centaurs
  2 kobold brigands
  A gnoll sergeant (D:8)
  A bullfrog (D:9)
  2 water moccasin zombies (D:5)
  3 scorpions
  A water moccasin skeleton (D:5)
  10 killer bees
  7 wights
  2 howler monkeys (D:8)
  2 bullfrog zombies
  4 centaur zombies
  3 hounds
  3 orc priests
  2 bullfrog skeletons (D:5)
  4 jellies
  2 iguanas
  Ijyb (D:3)
  Natasha (thrice) (D:3)
  Terence (D:3)
  4 orc wizards
  A killer bee zombie (D:8)
  2 hound skeletons
  A howler monkey skeleton (D:6)
  11 gnolls
  5 adders
  3 white imps (D:6)
  A worm (D:2)
  An adder skeleton (D:4)
  2 dart slugs
  32 orcs
  5 bats
  4 endoplasms
  2 giant cockroaches
  9 goblins
  9 hobgoblins
  3 jackals (D:4)
  4 quokkas
  8 ball pythons
  3 frilled lizards
  14 kobolds
  A quokka skeleton (D:4)
  5 rats
227 creatures vanquished.

Vanquished Creatures (collateral kills)
  5 foxfires
5 creatures vanquished.

Vanquished Creatures (others)
  956 foxfires
  4 fungi (D:10)
  8 plants
968 creatures vanquished.

Grand Total: 1200 creatures vanquished

Notes
Turn   | Place    | Note
-------+----------+-------------------------------------------
     0 | D:1      | robertstho the Djinni Fire Elementalist began the quest for
                  | the Orb.
     0 | D:1      | Reached XP level 1. HP: 15/15 MP: 0/0
    32 | D:1      | Found a faded altar of an unknown god.
   109 | D:1      | Reached XP level 2. HP: 4/21 MP: 0/0
  1071 | D:1      | Reached XP level 3. HP: 25/26 MP: 0/0
  1071 | D:1      | Learned a level 1 spell: Summon Small Mammal
  1129 | D:2      | Reached skill level 3 in Spellcasting
  2304 | D:3      | Reached XP level 4. HP: 26/31 MP: 0/0
  2307 | D:3      | Noticed Ijyb
  2326 | D:3      | Killed Ijyb
  2694 | D:3      | Reached skill level 1 in Fighting
  2699 | D:3      | Reached XP level 5. HP: 22/37 MP: 0/0
  2699 | D:3      | Learned a level 2 spell: Slow
  2847 | D:3      | Noticed Terence
  2855 | D:3      | Killed Terence
  2971 | D:3      | Noticed Natasha
  2980 | D:3      | Killed Natasha
  2992 | D:3      | Reached skill level 4 in Spellcasting
  3228 | D:3      | Noticed Natasha
  3242 | D:3      | Killed Natasha
  3393 | D:3      | Reached XP level 6. HP: 39/42 MP: 0/0
  3490 | D:3      | Found a blossoming altar of Fedhas.
  3616 | D:3      | Noticed Natasha
  3625 | D:3      | Killed Natasha
  4063 | D:4      | Found a burning altar of Makhleb.
  4069 | D:4      | Found a sacrificial altar of Ru.
  4404 | D:4      | Reached XP level 7. HP: 44/49 MP: 0/0
  4404 | D:4      | Learned a level 3 spell: Summon Guardian Golem
  4603 | D:4      | Reached skill level 5 in Spellcasting
  4684 | D:4      | Found a shimmering altar of Xom.
  5160 | D:5      | Entered Level 5 of the Dungeon
  5609 | D:5      | Reached XP level 8. HP: 53/55 MP: 0/0
  5666 | D:5      | Reached skill level 6 in Spellcasting
  5672 | D:5      | Identified the +3 buckler "Hisku" {*Slow rF- SInv Stlth+}
  6212 | D:5      | Found a basalt altar of Yredelemnul.
  6340 | D:5      | Found an ornate altar of the Wu Jian Council.
  6441 | D:5      | Noticed Menkaure
  6445 | D:5      | Killed Menkaure
  6446 | D:5      | Reached skill level 7 in Spellcasting
  6781 | D:6      | Reached XP level 9. HP: 50/61 MP: 0/0
  6781 | D:6      | Learned a level 4 spell: Hailstorm
  6894 | D:6      | Found Cahin Isu's Antique Weapon Emporium.
  6897 | D:6      | Bought a smouldering scimitar for 216 gold pieces
  6897 | D:6      | Identified the +6 scimitar of the Equator {holy, Will+}
                  | (You bought it in a shop on level 6 of the Dungeon)
  6904 | D:6      | Identified a scroll of acquirement
  6904 | D:6      | Acquired a manual of Spellcasting
  7087 | D:6      | Found a staircase to the Ecumenical Temple.
  7134 | D:6      | Reached skill level 8 in Spellcasting
  7462 | Temple   | Entered the Ecumenical Temple
  8237 | D:6      | Noticed a cyclops
  8265 | D:6      | Killed a cyclops
  8266 | D:6      | Reached skill level 9 in Spellcasting
  8967 | D:6      | Found a stormy altar of Qazlal.
  9804 | D:7      | Reached skill level 10 in Spellcasting
 10359 | D:8      | Noticed a slime creature
 10366 | D:8      | Killed a slime creature
 10367 | D:8      | Reached XP level 10. HP: 64/69 MP: 0/0
 10542 | D:8      | Found a shadowy altar of Dithmenos.
 10555 | D:8      | Reached skill level 11 in Spellcasting
 11034 | D:8      | Reached skill level 12 in Spellcasting
 11407 | D:8      | Noticed a two-headed ogre
 11412 | D:8      | Killed a two-headed ogre
 11413 | D:8      | Reached skill level 5 in Fighting
 12303 | D:9      | Found an iron altar of Okawaru.
 12322 | D:9      | Found an opulent altar of Gozag.
 12567 | D:9      | Reached XP level 11. HP: 66/76 MP: 0/0
 12567 | D:9      | Learned a level 4 spell: Cause Fear
 12570 | D:9      | Reached skill level 13 in Spellcasting
 12779 | D:9      | Identified the +5 falchion of Slow Death {freeze, SInv}
 13365 | D:10     | Entered Level 10 of the Dungeon
 13555 | D:10     | Found a staircase to the Orcish Mines.
 13825 | D:9      | Became a worshipper of Gozag Ym Sagoz the Greedy
 14042 | D:10     | Found a staircase to the Lair.
 14045 | D:10     | Mangled by an orc warrior

Illustrated notes

Levels and vault maps discovered:
D:1:      lemuel_arrival_funnel, layout_basic,
          shapermc_ecumenical_altar_notcrosses, serial_bayou_crossing
D:2:      layout_basic, serial_forest, infiniplex_forest_clump_tiny,
          infiniplex_forest_straight_4, infiniplex_forest_lined_corner,
          infiniplex_forest_diagonal, infiniplex_forest_side_room,
          infiniplex_forest_corner_1, infiniplex_forest_straight_3,
          corexii_shack, minmay_unequal
D:3:      layout_rooms, fedhas_altar_4, uniq_terence, uniq_ijyb, uniq_natasha
D:4:      layout_cave_pods, grunt_temple_overflow_open, xom_teletrap_fun
D:5:      layout_gridville, lemuel_zombie_altar_yredelemnul,
          nicolae_wu_jian_wuxing_cycle, uniq_menkaure
D:6:      layout_loops_corners, mainiacjoe_overflow_alcove_4,
          minmay_temple_entry_offerings, serial_shops, kennysheep_mini_moat
D:7:      layout_basic
D:8:      minmay_s_stair_smasher, layout_basic, nicolae_dithmenos_the_darkroom,
          small_chamber_with_monster, chequers_serial_rivers_small_3
D:9:      layout_loops_cross, okawaru_metal_pillars_3, grunt_gozag_breadcrumbs
D:10:     layout_irregular_city, lemuel_tele_altar,
          grunt_lair_entry_orc_guard_hut, orc_0_dummy
Temple:   chequers_temple_sunken

Skill      XL: |  1  2  3  4  5  6  7  8  9 10 11 |
---------------+----------------------------------+-----
Spellcasting   | 3 4 5 7 10 12 13 | 13.7
Stealth        | 2 3 |  3.8
Fighting       | 1 2 3 4 5 6 |  6.2
Dodging        | 3 |  3.5
Long Blades    | |  0.3
Maces & Flails | |  0.5
Shields        | |  0.9

Action                   |  1- 3 |  4- 6 |  7- 9 | 10-12 || total
-------------------------+-------+-------+-------+-------++-------
Melee: Whip              |       |    15 |       |       ||    15
       Falchion          |       |       |       |     3 ||     3
 Cast: Foxfire           |    90 |   153 |   307 |    18 ||   568
       Sticky Flame      |       |       |     6 |     5 ||    11
       Fireball          |       |       |     6 |    91 ||    97
  Use: Potion            |       |     1 |       |       ||     1
       Scroll            |       |       |     6 |       ||     6
Armor: Robe              |     2 |     1 |    15 |     2 ||    20
       Skin              |       |     2 |       |       ||     2
Dodge: Dodged            |     8 |    18 |    30 |     3 ||    59
Block: Buckler           |       |       |    18 |     2 ||    20
       Rpst.: Scimitar   |       |       |     4 |       ||     4
       Falchion          |       |       |       |     1 ||     1

Table legend: (Time is in decaauts)
 A = Elapsed time spent in this place.
 B = Non-inter-level travel time spent in this place.
 C = Inter-level travel time spent in this place.
 D = Time resting spent in this place.
 E = Time spent auto-exploring this place.
 F = Levels seen in this place.
 G = Mean time per level.
                   A        B        C        D        E       F      G
               +--------+--------+--------+--------+--------+-----+--------+
         Total |  14046 |  13488 |    558 |   1252 |  10918 |  11 | 1276.9 |
       Dungeon |  13314 |  12777 |    537 |   1252 |  10208 |  10 | 1331.4 |
        Temple |    731 |    710 |     21 |      0 |    710 |   1 |  731.0 |
               +--------+--------+--------+--------+--------+-----+--------+

Top non-repeatable levels by time:
     D:6: 1882 daAuts
     D:8: 1726 daAuts
     D:5: 1706 daAuts
     D:3: 1476 daAuts
     D:4: 1384 daAuts
     D:9: 1383 daAuts
     D:2: 1183 daAuts
     D:1: 1114 daAuts
     D:7: 839 daAuts
  Temple: 731 daAuts
    D:10: 617 daAuts
